Map: 2000 Atmospheres LE

Players

Vindicta - Winner!

  • Race: Terran Terran
  • League: Master

Epic

  • Race: Terran Terran
  • League: Grandmaster

Event: DreamHack SC2 Masters 2021 Summer

VOD

Have the link to the VOD?

Description

Time

  • Played on: May 30, 2021, 4:26 p.m.
  • Length: 22:46

All games in this series

Show
View Real Time Build Order
Export as new Build Order

Vindicta Terran - Winner!

Build Orders: Mech 

Get SALT Encoding   

  12  0:00  SCV  
  13  0:12  SCV  
  14  0:17  Supply Depot  
  14  0:24  SCV  
  14  0:28  Refinery  
  15  0:39  SCV  
  16  0:44  Barracks  
  16  0:51  SCV  
  16  0:55  Refinery  
  17  1:03  SCV  
  18  1:15  SCV  
  19  1:32  Reaper, Orbital Command  
  20  1:39  Factory  
  20  1:50  Supply Depot  
  20  1:58  SCV  
  21  2:04  Reaper  
  22  2:10  SCV  
  23  2:22  SCV, Hellion  
  26  2:36  Reaper, Command Center  
  27  2:43  SCV  
  30  2:44  Hellion  
  30  2:49  Supply Depot  
  30  2:55  SCV  
  31  3:00  Starport  
  31  3:10  SCV  
  31  3:12  Factory Tech Lab  
  32  3:14  Barracks Reactor  
  32  3:18  Refinery  
  30  3:23  SCV  
  30  3:35  SCV  
  30  3:36  Medivac, Siege Tank  
  35  3:48  Orbital Command  
  35  3:50  Marine x2  
  35  3:54  SCV  
  35  4:06  SCV  
  35  4:08  Marine x2  
  38  4:14  SCV  
  38  4:15  Factory Tech Lab, Raven  
  41  4:19  Supply Depot  
  41  4:20  SCV  
  42  4:26  Refinery, SCV, Marine x2  
  45  4:32  SCV  
  45  4:36  Siege Tank  
  50  4:38  SCV  
  50  4:43  Marine x2  
  50  4:45  SCV  
  53  4:50  SCV  
  52  4:57  SCV  
  52  4:58  Raven  
  55  5:01  Marine x2  
  55  5:02  SCV  
  55  5:04  Supply Depot  
  58  5:08  Siege Tank  
  58  5:09  SCV  
  62  5:18  Command Center  
  62  5:26  SCV  
  62  5:27  Marine x2  
  66  5:28  SCV  
  66  5:33  Supply Depot  
  66  5:36  Supply Depot  
  66  5:40  Siege Tank  
  66  5:41  SCV  
  70  5:54  Marine  
  70  5:55  SCV  
  71  6:01  SCV  
  65  6:07  SCV  
  65  6:08  Factory  
  65  6:09  Factory  
  66  6:13  Siege Tank  
  65  6:22  SCV  
  65  6:23  SCV  
  67  6:31  Orbital Command, Engineering Bay  
  65  6:34  SCV  
  65  6:35  SCV  
  65  6:36  Liberator, Viking  
  72  6:46  SCV  
  73  6:47  SCV  
  73  6:48  Siege Tank  
  73  6:53  Factory Reactor  
  77  6:58  SCV  
  77  7:00  Siege Tank  
  81  7:01  Sensor Tower  
  81  7:03  SCV x2  
  81  7:06  Viking  
  85  7:19  SCV x2, Viking  
  85  7:20  Siege Tank  
  85  7:21  Orbital Command  
  92  7:31  SCV x2  
  92  7:32  Siege Tank  
  92  7:33  Hellion x2  
  101  7:41  Refinery  
  101  7:45  Factory  
  101  7:46  SCV, Factory  
  101  7:49  SCV  
  94  7:52  Refinery  
  94  7:53  Barracks  
  94  7:55  Viking  
  94  7:56  Hellion  
  101  8:00  SCV x2  
  101  8:01  SCV  
  101  8:05  Supply Depot  
  101  8:07  Siege Tank, Supply Depot  
  101  8:12  SCV  
  105  8:15  Sensor Tower  
  105  8:20  SCV x2  
  105  8:24  SCV  
  108  8:27  Viking, Siege Tank  
  108  8:28  Liberator  
  108  8:29  Hellion  
  108  8:32  SCV x2  
  117  8:34  Factory Reactor  
  117  8:36  Factory Tech Lab, SCV  
  117  8:37  Hellion  
  117  8:40  Hellion  
  122  8:44  SCV  
  123  8:50  Hellion  
  125  9:05  Armory  
  125  9:07  Supply Depot  
  125  9:08  Siege Tank, Supply Depot  
  125  9:09  Hellion, Command Center  
  133  9:17  Missile Turret  
  133  9:18  Missile Turret  
  133  9:22  Infernal Pre-Igniter, Viking  
  133  9:23  Viking  
  133  9:24  Hellion  
  130  9:27  Sensor Tower, Missile Turret  
  130  9:28  Siege Tank  
  130  9:29  Hellion, Missile Turret  
  130  9:33  Siege Tank  
  133  9:39  Missile Turret  
  133  9:40  Siege Tank  
  133  9:43  Command Center  
  136  9:50  Armory  
  136  9:52  Viking  
  138  9:55  Terran Vehicle Weapons Level 1  
  138  9:58  Liberator  
  139  10:01  Hellion x2  
  139  10:04  Hellion  
  139  10:06  Hellion  
  142  10:10  Siege Tank  
  142  10:13  Hellion  
  147  10:21  Liberator  
  150  10:29  Siege Tank  
  153  10:36  Siege Tank  
  153  10:38  Supply Depot  
  153  10:40  Hellion x2  
  156  10:44  Hellion x2  
  156  10:47  Viking  
  156  10:49  Hellion  
  145  11:01  Refinery, Hellion, Siege Tank  
  145  11:02  Hellion  
  137  11:04  SCV x2  
  137  11:05  Hellion  
  137  11:06  Terran Vehicle And Ship Armor Level 1  
  137  11:09  SCV  
  141  11:12  Hellion  
  141  11:16  SCV  
  144  11:21  Orbital Command  
  144  11:22  Viking x2  
  145  11:26  Orbital Command  
  145  11:29  Refinery  
  145  11:31  Orbital Command  
  151  11:38  Thor  
  151  11:56  Orbital Command  
  147  12:02  Terran Vehicle Weapons Level 2  
  147  12:03  Hellion x2  
  147  12:04  SCV  
  147  12:06  Hellion x2  
  153  12:10  SCV  
  144  12:16  SCV  
  144  12:22  SCV  
  145  12:23  SCV  
  145  12:30  SCV  
  145  12:31  Viking  
  145  12:32  Refinery  
  145  12:36  Refinery  
  143  12:40  Sensor Tower, Missile Turret  
  143  12:43  Missile Turret  
  142  12:45  Viking  
  142  12:49  SCV x2  
  142  12:50  SCV  
  148  12:53  Planetary Fortress  
  145  13:01  Thor  
  145  13:04  Thor  
  141  13:06  Thor  
  141  13:08  SCV  
  141  13:10  SCV x2  
  138  13:28  Drilling Claws  
  138  13:29  Widow Mine x2  
  138  13:30  Widow Mine, SCV x2  
  138  13:32  SCV x2, Supply Depot x2  
  138  13:33  Missile Turret  
  145  13:42  SCV x2  
  145  13:43  Hellion, Thor  
  145  13:47  SCV, Liberator, Thor  
  166  13:49  Liberator  
  166  13:54  SCV  
  170  13:55  SCV  
  170  13:56  Terran Vehicle And Ship Armor Level 2  
  170  14:06  Hellion  
  178  14:13  Command Center  
  178  14:16  Widow Mine x2  
  182  14:18  Supply Depot  
  182  14:22  Thor  
  182  14:23  Hellion  
  184  14:26  Siege Tank  
  184  14:29  Thor  
  174  14:54  Terran Vehicle Weapons Level 3  
  174  14:56  Hellion  
  174  14:57  Liberator  
  174  14:58  Hellion, Thor  
  187  15:00  Hellion  
  187  15:01  Hellion  
  194  15:13  Siege Tank  
  197  15:16  Missile Turret  
  197  15:17  Hellion  
  197  15:19  Missile Turret  
  199  15:23  Missile Turret  
  199  15:24  Hellion x2  
  200  15:35  Siege Tank  
  200  15:41  Missile Turret  
  200  15:49  Refinery  
  200  15:50  Refinery  
  200  16:25  Hellion x2  
  158  16:26  Hellion x2, Siege Tank  
  158  16:27  Planetary Fortress  
  158  16:30  Mag-Field Accelerator  
  158  16:31  Cyclone  
  158  16:32  Cyclone  
  141  16:37  Missile Turret  
  141  16:38  Missile Turret x2  
  141  16:46  Hellion x2  
  145  16:47  Hellion x2  
  145  16:50  Factory  
  145  16:52  Factory  
  149  16:58  Hellion  
  147  17:03  Cyclone  
  147  17:04  Cyclone  
  147  17:08  Hellion x2  
  157  17:09  Hellion x2  
  164  17:19  Siege Tank  
  163  17:24  Viking x2  
  163  17:29  Hellion  
  164  17:35  Factory Tech Lab, Factory Reactor  
  164  17:36  Cyclone x2  
  168  17:42  Smart Servos, Sensor Tower  
  168  17:44  Widow Mine x2  
  168  17:47  Terran Vehicle And Ship Armor Level 3, Terran Ship Weapons Level 1  
  168  17:51  Cyclone  
  168  17:53  Hellion  
  168  17:54  Hellion  
  168  17:55  Cyclone  
  178  18:07  Thor  
  178  18:08  Thor  
  185  18:19  Viking x2  
  188  18:23  Thor  
  188  18:25  Missile Turret  
  188  18:26  Missile Turret  
  197  18:38  Widow Mine  
  195  18:48  Hellion  
  195  18:50  Cyclone  
  195  18:51  Cyclone  
  183  18:58  Viking  
  159  19:06  Thor, Viking  
  137  19:10  Hellion x2  
  137  19:11  Hellion x2  
  137  19:14  Hellion x2  
  141  19:23  Cyclone  
  138  19:24  SCV  
  136  19:34  SCV x2  
  136  19:36  Factory x2  
  136  19:37  Factory  
  132  19:42  SCV x3  
  132  19:43  Widow Mine  
  137  19:47  Factory Tech Lab  
  137  19:48  Widow Mine x2  
  137  19:49  Widow Mine x2, Cyclone  
  137  19:50  Starport Reactor  
  139  19:55  Cyclone  
  136  20:03  Hellion  
  136  20:05  Cyclone, Hellion  
  143  20:09  Hellion  
  143  20:10  Hellion x2  
  149  20:17  Hellion  
  149  20:21  Factory Tech Lab, Hellion, Cyclone  
  153  20:25  Hellion  
  153  20:27  Widow Mine x2, Cyclone  
  165  20:31  Widow Mine x3  
  165  20:34  Liberator x2  
  177  20:37  Cyclone  
  177  20:39  Widow Mine  
  177  20:42  Widow Mine  
  184  20:46  Widow Mine, Hellion  
  184  20:48  Hellion x2  
  188  20:52  Hellion  
  188  20:53  Hellion, Siege Tank  
  188  20:54  Hellion  
  195  20:59  Siege Tank  
  198  21:10  Cyclone  
  186  21:15  Hellion  
  186  21:17  Viking  
  170  21:19  Hellion  
  170  21:23  Hellion  
  170  21:25  Hellion, Siege Tank  
  175  21:26  Widow Mine  
  175  21:28  Orbital Command  
  175  21:31  Hellion x2  
  181  21:34  Hellion  
  181  21:38  Viking  
  182  21:40  Sensor Tower  
  182  21:44  Hellion, Siege Tank  
  187  21:48  Siege Tank  
  187  21:51  Cyclone  
  189  21:58  Cyclone  
  189  22:01  Hellion  
  187  22:06  Hellion  
  187  22:12  Hellion  
  183  22:17  Hellion  
  183  22:19  Unknown  
  189  22:23  Hellion  
Show
View Real Time Build Order
Export as new Build Order

Epic Terran 

Build Orders: Reaper Expand 

Get SALT Encoding   

  12  0:00  SCV  
  13  0:12  SCV  
  14  0:17  Supply Depot  
  14  0:24  SCV  
  15  0:38  SCV  
  15  0:40  Barracks  
  16  0:42  Refinery  
  16  0:50  SCV  
  17  1:02  SCV  
  18  1:15  SCV  
  19  1:26  Reaper  
  19  1:27  Orbital Command  
  20  1:43  Command Center  
  20  1:50  Supply Depot  
  20  1:52  SCV  
  21  1:58  Marine  
  22  2:05  Factory  
  22  2:07  SCV  
  23  2:14  Bunker  
  23  2:19  Barracks Reactor  
  23  2:21  SCV  
  24  2:26  Refinery  
  24  2:33  SCV  
  25  2:45  SCV  
  25  2:49  Hellion  
  28  2:53  Starport  
  28  2:55  Orbital Command  
  28  2:58  Marine  
  29  2:59  Marine  
  29  3:02  SCV  
  31  3:11  Factory Tech Lab  
  31  3:18  Marine x2  
  33  3:21  SCV  
  33  3:22  SCV  
  34  3:34  SCV x2  
  34  3:36  Marine x2  
  34  3:37  Raven  
  39  3:41  Factory Tech Lab  
  38  3:49  SCV x2  
  42  4:03  Siege Tank  
  42  4:05  Command Center  
  42  4:07  Supply Depot  
  42  4:08  SCV  
  46  4:10  SCV  
  45  4:18  Barracks  
  45  4:20  Barracks  
  45  4:22  SCV  
  46  4:26  Supply Depot  
  46  4:29  SCV, Marine  
  46  4:30  Starport Reactor  
  48  4:32  Stimpack  
  48  4:41  SCV x2  
  50  4:47  Marine  
  50  4:49  Cyclone  
  54  4:56  SCV x2  
  54  5:00  Refinery  
  54  5:04  Engineering Bay  
  54  5:05  Marine x3, Engineering Bay  
  57  5:09  SCV x2  
  59  5:14  Marine x2  
  59  5:16  Refinery  
  59  5:18  Orbital Command  
  59  5:19  Starport Reactor  
  61  5:21  SCV  
  61  5:22  SCV  
  61  5:23  Marine x3  
  61  5:26  Starport Reactor  
  66  5:30  Siege Tank  
  66  5:32  Marine  
  66  5:35  SCV x2  
  72  5:36  Supply Depot  
  72  5:38  Marine  
  72  5:40  Marine  
  74  5:56  Marine x3  
  71  6:00  SCV x3  
  71  6:03  Marine x2  
  70  6:12  SCV  
  70  6:13  Marine x2  
  70  6:14  Marine  
  70  6:19  SCV  
  70  6:21  Marine x2  
  70  6:22  Orbital Command  
  70  6:23  Medivac, Siege Tank  
  70  6:24  Medivac  
  81  6:28  Terran Infantry Weapons Level 1  
  81  6:30  Supply Depot  
  81  6:31  Marine x2  
  82  6:32  Terran Infantry Armor Level 1  
  82  6:33  Barracks  
  82  6:34  SCV x2, Barracks  
  82  6:38  Combat Shield, Supply Depot  
  84  6:41  Marine x3  
  84  6:46  SCV x2  
  89  6:48  SCV  
  89  6:53  Medivac, Supply Depot  
  92  6:54  Medivac  
  92  7:01  Siege Tank  
  97  7:04  SCV x3  
  97  7:06  Marine x4  
  97  7:07  Marine  
  105  7:11  Supply Depot  
  105  7:16  SCV x2  
  105  7:17  SCV  
  108  7:23  Medivac  
  108  7:24  Medivac  
  108  7:28  Missile Turret  
  112  7:32  SCV x3  
  112  7:34  Refinery x2  
  112  7:35  Supply Depot x2  
  112  7:36  Barracks Tech Lab x2  
  115  7:45  Supply Depot  
  115  7:46  Marauder, Marine x4  
  115  7:47  Siege Tank  
  115  7:48  SCV  
  125  7:54  Concussive Shells  
  125  7:55  Armory  
  125  7:56  SCV x2  
  125  7:57  Supply Depot  
  127  7:58  Command Center  
  127  7:59  Supply Depot  
  127  8:05  SCV  
  127  8:08  SCV x2  
  127  8:09  Marauder x3  
  127  8:11  Medivac  
  137  8:15  Medivac  
  137  8:18  Marine x2  
  137  8:19  Marine x2  
  143  8:31  Siege Tank  
  142  8:41  Medivac  
  142  8:42  Marauder x3, Marine x4  
  142  8:45  Medivac  
  138  8:58  SCV x2  
  140  9:02  Marine  
  140  9:03  Marine x3  
  140  9:04  Marauder x3  
  140  9:05  Starport  
  140  9:07  Starport, Refinery x2  
  148  9:10  SCV x2  
  148  9:12  Planetary Fortress  
  148  9:14  Command Center  
  148  9:17  Terran Infantry Weapons Level 2  
  147  9:25  SCV x2  
  147  9:26  SCV  
  150  9:34  Marauder x2, Marine x4  
  150  9:35  Marauder  
  150  9:37  Siege Tank  
  163  9:42  Viking  
  163  9:43  Viking  
  163  9:44  SCV  
  163  9:45  SCV  
  169  9:47  Starport Reactor x2  
  169  9:58  SCV x3  
  169  9:59  SCV  
  171  10:08  Marauder x2, Marine x3  
  171  10:09  Marauder  
  180  10:16  Supply Depot  
  180  10:17  Supply Depot  
  180  10:18  Supply Depot  
  180  10:22  Marine, Viking  
  180  10:24  Siege Tank  
  180  10:25  Viking x2  
  184  10:38  Viking x3  
  168  10:58  Marauder, Marine x4  
  168  10:59  Marauder x2  
  168  11:02  Viking x2  
  168  11:03  Viking  
  167  11:04  Orbital Command  
  167  11:08  Viking  
  167  11:10  Terran Ship Weapons Level 1  
  165  11:11  Fusion Core  
  165  11:21  Liberator  
  165  11:24  Liberator  
  165  11:25  Command Center  
  171  11:27  SCV x3  
  171  11:28  SCV  
  171  11:30  Missile Turret  
  175  11:36  Viking x2  
  179  11:44  Viking  
  179  11:45  Viking  
  179  11:46  SCV x4  
  179  11:47  SCV  
  188  11:54  Marauder x2  
  188  11:55  Marauder  
  188  11:58  SCV  
  180  12:02  Marine x3  
  180  12:08  Liberator x2  
  183  12:24  Armory  
  183  12:28  Advanced Ballistics  
  183  12:29  Command Center  
  174  12:34  Liberator  
  173  12:40  Orbital Command  
  173  12:44  Viking  
  173  12:45  Viking x2  
  173  12:46  Marauder x2, Marine x5  
  188  12:57  Liberator  
  188  13:00  Liberator  
  188  13:10  Smart Servos, Engineering Bay  
  186  13:20  SCV x5  
  186  13:22  Viking x2  
  193  13:30  Liberator x2  
  199  13:38  Siege Tank  
  196  13:43  Planetary Fortress  
  196  13:44  Missile Turret  
  196  13:50  Marauder  
  196  13:51  Marauder  
  200  13:56  Refinery  
  200  13:59  Refinery  
  200  14:04  Starport  
  200  14:05  Starport  
  200  14:18  Command Center  
  200  14:21  Command Center  
  198  14:38  Liberator x2  
  200  14:43  Liberator x2  
  200  14:44  Liberator  
  197  14:54  Liberator  
  200  15:01  SCV  
  200  15:02  SCV  
  188  15:17  Missile Turret  
  188  15:21  Liberator x2, Missile Turret  
  194  15:22  Missile Turret  
  194  15:26  Liberator x2  
  200  15:43  Orbital Command  
  200  15:47  Orbital Command  
  200  15:50  Command Center  
  200  15:51  Command Center  
  200  15:53  Command Center  
  200  16:02  Terran Ship Weapons Level 2  
  200  16:03  Terran Vehicle And Ship Armor Level 1  
  129  16:28  Medivac  
  130  16:38  Marauder x3, Marine x2  
  130  16:39  Marine x2  
  140  16:46  Medivac x2  
  144  16:47  Liberator x2, Medivac x2  
  144  16:48  Barracks, Liberator  
  144  16:49  Barracks  
  144  16:50  Barracks  
  157  16:54  Command Center  
  157  16:56  Marine  
  157  16:58  Medivac  
  158  17:06  Planetary Fortress  
  158  17:10  Refinery x2  
  157  17:16  Liberator x2  
  157  17:18  Liberator x2  
  161  17:23  SCV x8  
  161  17:24  SCV  
  168  17:32  Terran Infantry Armor Level 2  
  168  17:35  SCV x8  
  169  17:38  Medivac  
  169  17:43  Barracks Reactor, Barracks Tech Lab x2  
  170  17:47  Command Center  
  170  17:52  Siege Tank  
  173  18:12  Liberator x2  
  176  18:22  Missile Turret  
  176  18:24  Missile Turret  
  176  18:26  Supply Depot  
  174  18:33  Marine x6  
  174  18:34  Marauder x5, Viking  
  181  18:35  Liberator  
  175  18:55  Marauder x3  
  151  19:03  Marauder x2, Marine  
  143  19:16  Marauder  
  135  19:22  Marauder x2, Marine  
  126  19:25  Marauder x2  
  126  19:26  Liberator, Viking x4  
  137  19:38  Marauder  
  129  19:43  Marine  
  129  19:44  Marauder x2  
  126  19:46  Marauder x2  
  124  19:57  Marine  
  124  19:59  Marauder  
  120  20:00  Medivac x5  
  120  20:05  Marauder x2  
  128  20:07  Marauder  
  128  20:09  Planetary Fortress  
  128  20:10  SCV x6  
  128  20:11  SCV  
  128  20:12  SCV  
  128  20:14  SCV x2  
  140  20:20  Medivac x2  
  144  20:24  Marine x7  
  151  20:29  Terran Vehicle And Ship Armor Level 2  
  151  20:33  SCV x6  
  151  20:34  SCV x2  
  159  20:35  SCV  
  160  20:45  Planetary Fortress  
  160  20:48  SCV x10  
  160  20:49  Unknown  
  163  20:56  Marauder x3  
  163  20:57  Marine  
  169  21:03  Marine x5  
  123  21:21  Viking x3  
  113  21:27  Marauder x4, Marine x2  
  113  21:29  Marine x2  
  122  21:33  Orbital Command  
  122  21:39  Liberator  
  119  21:49  Liberator x2  
  119  21:53  Marauder x3, Marine x3  
  127  21:57  Marine  
  127  21:58  Marauder  
  122  22:02  Viking  
  119  22:11  Marine x3  
  119  22:14  Marauder x3, Viking x2  
  119  22:15  Marine  
  111  22:18  Refinery x2  
  111  22:19  Marauder  
Tags
 
Add a new tag
Caveats
  • Supply blocks, unpowered buildings, or Contaminate may cause inaccurate times.
  • Supply counts are checked every 10 seconds.